AoeStats
← Wiiner

Arena

510516688Analyzed
2v2 RM · 2d ago on Oct 1, 2026· 58m 17s· 4 players
Game mode
Random Map
Map size
Medium (4 player)
Population
200
Speed
Normal
Resources
Standard
Victory
Conquest
Starting age
Dark Age
Ending age
Imperial Age
RankedLock teamsTeams togetherTeam positionsShared explorationLock speedFull tech treeHidden civsTurbo modeCheats
Victory
Defeat
🇺🇸 Franks · United States
803
+16
🇨🇳 Teutons · China
755
+18
🇻🇳 Franks · Vietnam
887
-21
🇨🇴 Persians · Colombia
714
-13
zaff007008
4:34 Loom
10:36 Feudal Age
11:03 Double-Bit Axe
19:00 Castle Age
18:11 Gold Mining
18:57 Forging
18:53 Scale Barding Armor
20:37 Wheelbarrow
22:02 Bow Saw
23:21 Fletching
24:43 Gold Shaft Mining
23:41 Pikeman
24:22 Squires
30:04 Wheelbarrow
35:50 Iron Casting
35:33 Gambesons
37:47 Chain Barding Armor
37:45 Loom
39:03 Hand Cart
43:44 Imperial Age
44:11 Scale Mail Armor
44:58 Cavalier
48:35 Chain Mail Armor
50:35 Blast Furnace
331165679
11:03 Feudal Age
15:23 Castle Age
16:24 Double-Bit Axe
22:35 Horse Collar
23:33 Bow Saw
25:27 Heavy Plow
26:43 Scale Barding Armor
26:49 Forging
27:16 Bloodlines
27:52 Wheelbarrow
33:10 Chain Barding Armor
33:27 Iron Casting
34:40 Fortified Wall
38:32 Imperial Age
38:56 Cavalier
40:09 Hand Cart
40:27 Crop Rotation
41:00 Two-Man Saw
41:11 Plate Barding Armor
41:37 Blast Furnace
41:13 Paladin
42:14 Stone Mining
42:15 Gold Mining
42:56 Conscription
43:13 Hoardings
44:20 Stone Shaft Mining
44:59 Scale Mail Armor
53:02 Chain Mail Armor
53:10 Crenellations
53:11 Ironclad
53:33 Gambesons
53:48 Squires
53:34 Arson
53:10 Pikeman
54:48 Halberdier
57:05 Plate Mail Armor
Renato243150
0:37 Loom
13:48 Feudal Age
14:08 Double-Bit Axe
14:18 Gold Mining
14:48 Horse Collar
20:07 Castle Age
21:52 Bow Saw
21:47 Caravan
23:17 Gold Shaft Mining
25:05 Fletching
25:16 Padded Archer Armor
31:43 Imperial Age
31:41 Heavy Plow
32:33 Husbandry
33:22 Wheelbarrow
33:22 Bloodlines
33:52 Stone Mining
35:12 Cavalier
39:17 Chemistry
39:07 Hand Cart
41:05 Savar
44:26 Elite War Elephant
46:34 Scale Barding Armor
46:39 Forging
Wiiner
11:22 Feudal Age
15:28 Castle Age
13:29 Stone Mining
15:03 Double-Bit Axe
15:25 Gold Mining
16:41 Loom
20:40 Fletching
22:35 Husbandry
28:29 Imperial Age
28:58 Bodkin Arrow
30:24 Cranequins
36:11 Forging
37:17 Ballistics
38:15 Chemistry
45:27 Fortified Wall
Connection lost

Rejoining the realm…

Still unreachable

The connection could not be restored.

Session expired

The server has moved on; the page needs a fresh start.